 Dungeon Crawl Stone Soup version 0.13.1-2-gfb2c2b7 (webtiles) character file.

91 Antunes the Charmwright (level 2, 0/23 HPs)
             Began as a Draconian Skald on Dec 1, 2013.
             Slain by an adder (1 damage)
             ... on Level 1 of the Dungeon.
             The game lasted 00:04:31 (743 turns).

Antunes the Charmwright (Draconian Skald)            Turns: 743, Time: 00:04:33

HP   0/23        AC  4     Str 14      XL: 2   Next: 10%
MP   5/5         EV 12     Int 12      God:
Gold 81          SH  0     Dex 10      Spells:  1 memorised,  4 levels left

Res.Fire  : . . .   See Invis. : .   a - +0 falchion
Res.Cold  : . . .   Warding    : .   (armour unavailable)
Life Prot.: . . .   Conserve   : .   (no shield)
Res.Poison: .       Res.Corr.  : .   (helmet restricted)
Res.Elec. : .       Clarity    : .   (no cloak)
Sust.Abil.: . .     Spirit.Shd : .   (no gloves)
Res.Mut.  : .       Stasis     : .   (no boots)
Res.Rott. : .       Flight     : .   (no amulet)
Saprovore : . . .                    (no ring)
                                     (no ring)

@: mildly poisoned, not resistant to hostile enchantments, unstealthy
A: unfitting armour, AC +4
a: no special abilities


You were on level 1 of the Dungeon.
You were not hungry.

You visited 1 branch of the dungeon, and saw 2 of its levels.

You collected 61 gold pieces.

Inventory:

Hand weapons
 a - a +0,+0 falchion (weapon)
 e - a +0,+0 dagger (quivered)
 h - a +0,+0 dagger
 k - a +0,+0 short sword
Missiles
 i - 4 darts
Comestibles
 b - a rotting chunk of rat flesh {@w1}
 d - a bread ration
 g - a rotting chunk of rat flesh {@w1}
 n - a cheese
 o - a chunk of giant newt flesh {@w1}
Scrolls
 f - a scroll of identify {unknown}
 j - a scroll of curse armour {unknown}
Potions
 l - 2 potions of heal wounds {unknown}
Books
 c - a book of Battle

   Spells                             Type                      Level
   *Infusion                          Charms                       1
   Shroud of Golubria                 Charms/Translocation         2
   Song of Slaying                    Charms                       2
   Spectral Weapon                    Hexes/Charms                 3
   Regeneration                       Charms/Necromancy            3
   Song of Shielding                  Charms                       4


   Skills:
 + Level 2.2 Fighting
 + Level 2.0 Long Blades
 * Level 0.3 Throwing
 * Level 1.5 Dodging
 * Level 0.2 Stealth
 + Level 2.0 Spellcasting
 + Level 2.9 Charms


You had 4 spell levels left.
You knew the following spells:

 Your Spells              Type           Power        Failure   Level  Hunger
a - Infusion              Chrm           #.....       12%         1    ##.....


Dungeon Overview and Level Annotations

Branches:
Dungeon (2/27)

Altars:


Message History

The adder is lightly wounded.
The adder bites you.
You hit the adder.
The adder is heavily wounded.
The adder closely misses you. The adder misses you.
You barely miss the adder.
The adder is heavily wounded.
The adder barely misses you.
You barely miss the adder.
The adder is heavily wounded.
The adder closely misses you. The adder bites you.
You miss the adder.
The adder is heavily wounded.
The adder bites you but does no damage. The adder bites you.
* * * LOW HITPOINT WARNING * * *
You miss the adder.
The adder is heavily wounded.
The adder bites you.
* * * LOW HITPOINT WARNING * * *
You hit the adder.
The adder is severely wounded.
The adder closely misses you. The adder bites you but does no damage.
You hit the adder but do no damage.
The adder is severely wounded.
The adder barely misses you.
You barely miss the adder.
The adder is severely wounded.
The adder bites you.
* * * LOW HITPOINT WARNING * * *
The adder bites you but does no damage.
You miss the adder.
The adder is severely wounded.
The adder barely misses you.
You barely miss the adder.
The adder is severely wounded.
The adder bites you.
* * * LOW HITPOINT WARNING * * *
You are poisoned.
The adder poisons you! The adder bites you.
You die...

. #... .# #..≈ ##.
#.≈≈ #.. #... ...
.#######... #.#
........... #.#
########... #.#
#S# ########...
#.# #@#
........... #.#
#.# ########.##
#########.# #.#
#.# .......(..#
#.# #.#
#########.# #.#
#.# # #.# #.# #.#
#########.######.#
#.#
.................#
#.#
##################
#.#


You could see an adder.

Vanquished Creatures
  2 giant cockroaches (D:1)
  4 kobolds (D:1)
  A bat (D:1)
  A giant newt (D:1)
  A goblin (D:1)
  3 rats (D:1)
12 creatures vanquished.

Notes
Turn   | Place    | Note
--------------------------------------------------------------
     0 | D:1      | Antunes, the Draconian Skald, began the quest for the Orb.
     0 | D:1      | Reached XP level 1. HP: 16/16 MP: 3/3
   587 | D:1      | Reached XP level 2. HP: 23/23 MP: 5/5
   743 | D:1      | HP: 1/23 [adder (2)]
   743 | D:1      | Slain by an adder

Action                   || total
-------------------------++-------
Melee: Falchion          ||    43
Throw: Dagger            ||     1
  Use: Scroll            ||     2

Table legend:
 A = Turns spent in this place as a percentage of turns spent in the entire game.
 B = Non-inter-level travel turns spent in this place as a percentage of non-inter-level travel turns spent in the entire game.
 C = Inter-level travel turns spent in this place as a percentage of turns spent in this place.
 D = Turns resting spent in this place as a percentage of non-inter-level travel turns spent in this place.
 E = Turns spent auto-exploring this place as a percentage of non-inter-level travel turns spent in this place.
 F = Non-inter-level travel turns spent in this place divided by the number of levels of this place that you've seen.
                   A       B       C       D       E      F
               +-------+-------+-------+-------+-------+----------------------
         Total | 100.0 | 100.0 |   0.0 |   2.5 |   5.5 | 137.5
       Dungeon | 100.0 | 100.0 |   0.0 |   2.5 |   5.5 | 137.5
               +-------+-------+-------+-------+-------+----------------------

Table legend:
 A = Kills in this place as a percentage of kills in entire the game.
 B = Kills by you in this place as a percentage of kills by you in the entire game.
 C = Kills by friends in this place as a percentage of kills by friends in the entire game.
 D = Other kills in this place as a percentage of other kills in the entire game.
 E = Experience gained in this place as a percentage of experience gained in the entire game.
 F = Experience gained in this place divided by the number of levels of this place that you have seen.
                   A       B       C       D       E      F
               +-------+-------+-------+-------+-------+----------------------
         Total | 100.0 | 100.0 |  -nan |  -nan | 100.0 |   7.5
       Dungeon | 100.0 | 100.0 |  -nan |  -nan | 100.0 |   7.5
               +-------+-------+-------+-------+-------+----------------------

Vault maps used:
D:1:      minmay_entry_checkered_box, lemuel_old_faithful
D:2:      wad_river_or_something, general_overflow_altar, first_bread,
          uniq_jessica, uniq_iyjb

Action                   || total
-------------------------++-------
Melee: Falchion          ||    43
Throw: Dagger            ||     1
  Use: Scroll            ||     2
Dungeon Crawl Stone Soup version 0.13.1-2-gfb2c2b7 (webtiles) character file. 91 Antunes the Charmwright (level 2, 0/23 HPs) Began as a Draconian Skald on Dec 1, 2013. Slain by an adder (1 damage) ... on Level 1 of the Dungeon. The game lasted 00:04:31 (743 turns). Antunes the Charmwright (Draconian Skald) Turns: 743, Time: 00:04:33 HP 0/23 AC 4 Str 14 XL: 2 Next: 10% MP 5/5 EV 12 Int 12 God: Gold 81 SH 0 Dex 10 Spells: 1 memorised, 4 levels left Res.Fire : . . . See Invis. : . a - +0 falchion Res.Cold : . . . Warding : . (armour unavailable) Life Prot.: . . . Conserve : . (no shield) Res.Poison: . Res.Corr. : . (helmet restricted) Res.Elec. : . Clarity : . (no cloak) Sust.Abil.: . . Spirit.Shd : . (no gloves) Res.Mut. : . Stasis : . (no boots) Res.Rott. : . Flight : . (no amulet) Saprovore : . . . (no ring) (no ring) @: mildly poisoned, not resistant to hostile enchantments, unstealthy A: unfitting armour, AC +4 a: no special abilities You were on level 1 of the Dungeon. You were not hungry. You visited 1 branch of the dungeon, and saw 2 of its levels. You collected 61 gold pieces. Dungeon Overview and Level Annotations Branches: Dungeon (2/27) Altars: Skills: + Level 2.2 Fighting + Level 2.0 Long Blades * Level 0.3 Throwing * Level 1.5 Dodging * Level 0.2 Stealth + Level 2.0 Spellcasting + Level 2.9 Charms You had 4 spell levels left. You knew the following spells: Your Spells Type Power Failure Level Hunger a - Infusion Chrm #..... 12% 1 ##..... Inventory: Hand weapons a - a +0,+0 falchion (weapon) e - a +0,+0 dagger (quivered) h - a +0,+0 dagger k - a +0,+0 short sword Missiles i - 4 darts Comestibles b - a rotting chunk of rat flesh {@w1} d - a bread ration g - a rotting chunk of rat flesh {@w1} n - a cheese o - a chunk of giant newt flesh {@w1} Scrolls f - a scroll of identify {unknown} j - a scroll of curse armour {unknown} Potions l - 2 potions of heal wounds {unknown} Books c - a book of Battle Spells Type Level *Infusion Charms 1 Shroud of Golubria Charms/Translocation 2 Song of Slaying Charms 2 Spectral Weapon Hexes/Charms 3 Regeneration Charms/Necromancy 3 Song of Shielding Charms 4 Message History The adder is lightly wounded. The adder bites you. You hit the adder. The adder is heavily wounded. The adder closely misses you. The adder misses you. You barely miss the adder. The adder is heavily wounded. The adder barely misses you. You barely miss the adder. The adder is heavily wounded. The adder closely misses you. The adder bites you. You miss the adder. The adder is heavily wounded. The adder bites you but does no damage. The adder bites you. * * * LOW HITPOINT WARNING * * * You miss the adder. The adder is heavily wounded. The adder bites you. * * * LOW HITPOINT WARNING * * * You hit the adder. The adder is severely wounded. The adder closely misses you. The adder bites you but does no damage. You hit the adder but do no damage. The adder is severely wounded. The adder barely misses you. You barely miss the adder. The adder is severely wounded. The adder bites you. * * * LOW HITPOINT WARNING * * * The adder bites you but does no damage. You miss the adder. The adder is severely wounded. The adder barely misses you. You barely miss the adder. The adder is severely wounded. The adder bites you. * * * LOW HITPOINT WARNING * * * You are poisoned. The adder poisons you! The adder bites you. You die... . #... .# #..≈ ##. #.≈≈ #.. #... ... .#######... #.# ........... #.# ########... #.# #S# ########... #.# #@# ........... #.# #.# ########.## #########.# #.# #.# .......(..# #.# #.# #########.# #.# #.# # #.# #.# #.# #########.######.# #.# .................# #.# ################## #.# You could see an adder.

Vanquished Creatures
  2 giant cockroaches (D:1)
  4 kobolds (D:1)
  A bat (D:1)
  A giant newt (D:1)
  A goblin (D:1)
  3 rats (D:1)
12 creatures vanquished. Notes Turn | Place | Note -------------------------------------------------------------- 0 | D:1 | Antunes, the Draconian Skald, began the quest for the Orb. 0 | D:1 | Reached XP level 1. HP: 16/16 MP: 3/3 587 | D:1 | Reached XP level 2. HP: 23/23 MP: 5/5 743 | D:1 | HP: 1/23 [adder (2)] 743 | D:1 | Slain by an adder
